 Dungeon Crawl Stone Soup version 0.23.2-33-g5129a83184 (webtiles) character file.

Game seed: 13196173168334544646

53 Destapler the Grave Robber (level 3, -4/20 HPs)
             Began as a Deep Elf Necromancer on July 25, 2019.
             Slain by a worker ant (6 damage)
             ... on level 2 of the Dungeon.
             The game lasted 00:16:15 (2102 turns).

Destapler the Grave Robber (Deep Elf Necromancer)   Turns: 2102, Time: 00:16:16

Health: -4/20      AC:  2    Str:  5    XL:     3   Next: 62%
Magic:  2/10       EV: 13    Int: 19    God:
Gold:   62         SH:  0    Dex: 16    Spells: 4/9 levels left

rFire    . . .     SeeInvis .   i - +0 dagger
rCold    . . .     Gourm    .   (no shield)
rNeg     . . .     Faith    .   g - +0 robe
rPois    .         Spirit   .   (no helmet)
rElec    .         Reflect  .   (no cloak)
rCorr    .         Harm     .   (no gloves)
MR       .....                  (no boots)
Stlth    ++........             (no amulet)
HPRegen  0.06/turn              (no ring)
MPRegen  0.12/turn              (no ring)

@: lethally poisoned (-4 -> -10)
A: no striking features
a: no special abilities


You were on level 2 of the Dungeon.
You were not hungry.

You visited 1 branch of the dungeon, and saw 2 of its levels.

You collected 62 gold pieces.

Inventory:

Hand Weapons
 i - a +0 dagger (weapon)
Missiles
 b - 62 stones (quivered)
Armour
 g - a +0 robe (worn)
Jewellery
 a - an uncursed ring of flight {unknown}
Scrolls
 d - a scroll of immolation {unknown}
 f - a scroll of fear {unknown}
Potions
 e - a potion of curing {unknown}
Comestibles
 c - 2 rations


   Skills:
 * Level 0.4 Fighting
 + Level 2.4 Dodging
 + Level 2.5 Stealth
 + Level 3.7 Spellcasting
 + Level 5.9 Necromancy


You had 4 spell levels left.
You knew the following spells:

 Your Spells              Type           Power        Failure   Level  Hunger
a - Pain                  Necr           ####         1%          1    None
b - Animate Skeleton      Necr           N/A          1%          1    None
c - Vampiric Draining     Necr           ####......   3%          3    ###....

Your spell library contained the following spells:

 Spells                   Type           Power        Failure   Level  Hunger
 Regeneration             Chrm/Necr      ##........   12%         3    ###....
 Animate Dead             Necr           N/A          12%         4    ####...


Dungeon Overview and Level Annotations

Branches:
Dungeon (2/15)

Altars:


Message History

Aim: a worker ant (chance to defeat MR: 89%)
The worker ant writhes in agony!
* * * LOW HITPOINT WARNING * * *
You feel sick. The worker ant closely misses you.
Casting: Pain (safe; 1% risk of failure)
Confirm with . or Enter, or press ? or * to list all spells.
Aiming: Pain (safe; 1% risk of failure)
Press: ? - help, Shift-Dir - straight line, f/p - worker ant
Aim: a worker ant (heavily wounded, chance to defeat MR: 89%)
The worker ant writhes in agony.
The worker ant bites you but does no damage.
Casting: Pain (safe; 1% risk of failure)
Confirm with . or Enter, or press ? or * to list all spells.
Aiming: Pain (safe; 1% risk of failure)
Press: ? - help, Shift-Dir - straight line, f/p - worker ant
Aim: a worker ant (almost dead, chance to defeat MR: 89%)
The worker ant writhes in agony.
* * * LOW HITPOINT WARNING * * *
You feel sick. The worker ant bites you.
You die...

#...).........# ####
#............)# #####
#.............# #...#
#.............#
#.#.##########
##########.####
#.#........... #†#
#.############ #.# #.#
#.########.############
#....a@................
##########.############
#.# #...... #.# #.#####
#[# #.#<... #.# #.#####
############.# #.#
#............# #.#
#.#################.#


You could see a worker ant.

Vanquished Creatures
  An adder (D:2)
  A dart slug (D:1)
  5 bats (D:1)
  6 goblins
  5 hobgoblins
  6 jackals (D:1)
  5 kobolds
  A ball python (D:1)
  2 frilled lizards
  3 rats
35 creatures vanquished.

Vanquished Creatures (collateral kills)
  A giant cockroach (D:1)
  A goblin (D:1)
  A frilled lizard (D:1)
  A kobold (D:1)
4 creatures vanquished.

Grand Total: 39 creatures vanquished

Notes
Turn   | Place    | Note
-------+----------+-------------------------------------------
     0 | D:1      | Destapler the Deep Elf Necromancer began the quest for the
                  | Orb.
     0 | D:1      | Reached XP level 1. HP: 10/10 MP: 6/6
   182 | D:1      | Reached skill level 5 in Necromancy
   488 | D:1      | Reached XP level 2. HP: 15/15 MP: 6/8
   491 | D:1      | Learned a level 1 spell: Animate Skeleton
  1313 | D:1      | Reached XP level 3. HP: 18/20 MP: 6/9
  1540 | D:1      | Learned a level 3 spell: Vampiric Draining
  2102 | D:2      | Slain by a worker ant

Skill      XL: |  1 |
---------------+----+-----
Necromancy     | 5 |  5.9
Fighting       | |  0.4
Dodging        | |  2.4
Stealth        | |  2.5
Spellcasting   | |  3.7

Action                   || total
-------------------------++-------
Melee: Unarmed           ||     3
       Short sword       ||    13
 Cast: Pain              ||    63
       Animate Skeleton  ||    16
       Vampiric Draining ||     3
  Eat: Chunk             ||     4
Armor: Robe              ||     7
Dodge: Dodged            ||    26
